 Dungeon Crawl Stone Soup version 0.28.0-53-g5a82cb258f (webtiles) character file.

Game seed: 15878130737513251227

39 Plasmagod the Skirmisher (level 3, -4/23 HPs)
             Began as a Gargoyle Monk on July 11, 2022.
             Slain by a worm (8 damage)
             ... on level 2 of the Dungeon.
             The game lasted 00:06:45 (2071 turns).

Plasmagod the Skirmisher (Gargoyle Monk)            Turns: 2071, Time: 00:06:46

Health: -4/23      AC:  6    Str: 14    XL:     3   Next: 47%
Magic:  3/3        EV: 12    Int: 12    God:
Gold:   51         SH:  0    Dex: 12    Spells: 0/2 levels left

rFire   . . .      SeeInvis .   e - staff of cold
rCold   + . .      Faith    .   (no shield)
rNeg    + . .      Spirit   .   a - +0 robe
rPois   ∞          Reflect  .   f - +0 helmet
rElec   +          Harm     .   (no cloak)
rCorr   .          Rampage  .   (no gloves)
Will    .....                   (no boots)
Stlth   ++........              (no amulet)
HPRegen 0.07/turn               (no ring)
MPRegen 0.08/turn               (no ring)

@: no status effects
A: sickness immunity, AC +3, negative energy resistance 1, electricity
resistance, torment resistance 1, petrification resistance
a: no special abilities


You were on level 2 of the Dungeon.
You visited 1 branch of the dungeon, and saw 2 of its levels.

You collected 51 gold pieces.

Inventory:

Armour
 a - a +0 robe (worn)
 f - a +0 helmet (worn)
Magical Staves
 e - a staff of cold (weapon)
Scrolls
 b - a scroll of identify {unknown}
 c - a scroll of immolation {unknown}
Potions
 d - a potion of attraction {unknown}
 g - a potion of heal wounds {unknown}
 h - a potion of curing {unknown}
 i - a potion of lignification {unknown}
 j - a potion of degeneration {unknown}
 k - a potion of magic {unknown}


   Skills:
 + Level 3.6 Fighting
 + Level 0.1 Staves
 + Level 2.8 Dodging
 + Level 2.5 Stealth
 + Level 3.6 Unarmed Combat


You couldn't memorise any spells.
You knew the following spells:

 Your Spells              Type           Power      Damage    Failure   Level
a - Ensorcelled Hibernat  Hex/Ice        0%         N/A       45%         2

Your spell library contained the following spells:

 Spells                   Type           Power      Damage    Failure   Level
 Passwall                 Tmut/Erth      0%         N/A       45%         2
 Swiftness                Air            0%         N/A       69%         3


Dungeon Overview and Level Annotations

Branches:
Dungeon (2/15)

Altars:
Makhleb


Innate Abilities, Weirdness & Mutations

You are immune to sickness and miasma.
Your stone body is resilient. (AC +3)
You are immune to poison.
You resist negative energy. (rN+)
You are resistant to electric shocks. (rElec)
You are resistant to unholy torment.
You are immune to petrification.


Message History

The worm bites you!
You hit the worm.
The worm is moderately wounded.
The giant cockroach bites you but does no damage.
You hit the worm.
The worm is moderately wounded.
The worm bites you. The giant cockroach barely misses you.
You hit the worm.
The worm is heavily wounded.
The giant cockroach bites you but does no damage.
The worm bites you but does no damage.
You hit the worm.
The worm is heavily wounded.
The giant cockroach closely misses you.
The giant cockroach bites you but does no damage.
The worm bites you.
You hit the worm.
The worm is severely wounded.
The giant cockroach closely misses you.
You barely miss the worm.
The worm is severely wounded.
The giant cockroach bites you but does no damage.
The worm bites you.
* * * LOW HITPOINT WARNING * * *
The giant cockroach closely misses you.
You hit the worm.
The worm is severely wounded.
The giant cockroach barely misses you. The worm bites you but does no damage.
You hit the worm.
The worm is severely wounded.
The giant cockroach bites you but does no damage.
You barely miss the worm.
The worm is severely wounded.
The giant cockroach bites you but does no damage.
The worm closely misses you. The giant cockroach barely misses you.
You hit the worm.
The worm is almost dead.
The giant cockroach bites you but does no damage.
The worm bites you!
You die...

.........>.......)..#
...........########.#
#####...#### #.#
##.## #.# #.#
#####.#### #.#
#........# ##'##
#..##.#..# ##...##
#..##.#..# ##.....##
#.@##.#..# ##.......#
#Bw##.#..#
##.........#
#...#.#..#
.'†........+
......#..#
##.........#
##........#
##.......## ##.##.#
##.....## ### .#
##...## . #+##


You could see a worm and a giant cockroach.

Vanquished Creatures
  A dart slug (D:1)
  5 endoplasms
  3 giant cockroaches (D:1)
  3 goblins
  2 hobgoblins (D:2)
  3 jackals (D:1)
  3 kobolds
  2 quokkas (D:2)
  7 ball pythons
  A frilled lizard (D:1)
  3 rats (D:2)
33 creatures vanquished.

Vanquished Creatures (others)
  5 toadstools (D:1)
5 creatures vanquished.

Grand Total: 38 creatures vanquished

Notes
Turn   | Place    | Note
-------+----------+-------------------------------------------
     0 | D:1      | Plasmagod the Gargoyle Monk began the quest for the Orb.
     0 | D:1      | Reached XP level 1. HP: 14/14 MP: 1/1
   211 | D:1      | Reached XP level 2. HP: 8/19 MP: 2/2
   961 | D:1      | Reached XP level 3. HP: 16/23 MP: 3/3
  1065 | D:1      | Learned a level 2 spell: Ensorcelled Hibernation
  1649 | D:2      | Found a burning altar of Makhleb.
  2071 | D:2      | Slain by a worm

Illustrated notes

Levels and vault maps discovered:
D:1:      ldierk_walled_garden, layout_basic, minmay_misc_feat_columns
D:2:      layout_loops_corners, basic_altar, minmay_vboxes, uniq_robin

Action                   || total
-------------------------++-------
Melee: Unarmed           ||    71
       Staff             ||    91
       Punch             ||     3
 Stab: Sleeping          ||     4
Armor: Robe              ||    63
Dodge: Dodged            ||   118
